 Dungeon Crawl Stone Soup version 0.30-a0-567-gf7fd966b4a (webtiles) character file.

Game seed: 2672442558585198975

41 Barriton the Chiller (level 3, -1/26 HPs)
             Began as a Draconian Ice Elementalist on Dec 28, 2022.
             Slain by Sigmund
             ... wielding a +0 scythe
              (8 damage)
             ... on level 2 of the Dungeon.
             The game lasted 00:04:57 (1866 turns).

Barriton the Chiller (Draconian Ice Elementalist)   Turns: 1866, Time: 00:04:57

Health: -1/26      AC:  5    Str: 10    XL:     3   Next: 32%
Magic:  4/6        EV: 12    Int: 17    God:
Gold:   82         SH:  0    Dex: 11    Spells: 3/7 levels left

rFire   . . .      SeeInvis .    k - +0 rapier
rCold   . . .      Faith    .    (no shield)
rNeg    . . .      Spirit   .    (body armour unavailable)
rPois   .          Reflect  .    (helmet restricted)
rElec   .          Harm     .    (no cloak)
rCorr   .          Rampage  .    (no gloves)
Will    .....                    (no boots)
Stlth   ++                       (no amulet)
HPRegen 0.24/turn                (no ring)
MPRegen 0.10/turn                (no ring)

@: no status effects
A: AC +5, unfitting armour, cold-blooded
a: no special abilities


You were on level 2 of the Dungeon.
You visited 1 branch of the dungeon, and saw 2 of its levels.

You collected 82 gold pieces.

Inventory:

Hand Weapons
 k - a +0 rapier (weapon)
Jewellery
 c - a ring of willpower
 n - a ring of fire
Scrolls
 d - 2 scrolls of magic mapping {unknown}
 e - a scroll of immolation {unknown}
 g - a scroll of teleportation {unknown}
 h - a scroll of enchant armour {unknown}
 i - a scroll of fear {unknown}
 l - a scroll of fog {unknown}
 m - a scroll of noise {unknown}
Potions
 a - 2 potions of magic
 b - a potion of cancellation {unknown}
 f - a potion of curing {unknown}
 j - a potion of berserk rage {unknown}


   Skills:
 + Level 1.7 Dodging
 + Level 1.7 Stealth
 + Level 2.6 Spellcasting
 * Level 4.8 Ice Magic


You had 3 spell levels left.
You knew the following spells:

 Your Spells              Type           Power      Damage    Failure   Level
a - Freeze                Ice            72%        1d8       2%          1
b - Frozen Ramparts       Ice            36%        1d6       8%          3

Your spell library contained the following spells:

 Spells                   Type           Power      Damage    Failure   Level
 Ozocubu's Armour         Ice            18%        N/A       8%          3
 Beastly Appendage        Tmut           4%         N/A       19%         1
 Wereblood                Tmut           2%         N/A       28%         2
 Spider Form              Tmut/Pois      2%         N/A       50%         3
 Summon Ice Beast         Ice/Summ       10%        N/A       56%         4


Dungeon Overview and Level Annotations

Branches:
Dungeon (2/15)

Altars:

Annotations:
D:2 Sigmund


Innate Abilities, Weirdness & Mutations

Your plain brown scales are hard. (AC +5)
You cannot fit into any form of body armour.
You are cold-blooded and may be slowed by cold attacks.


Message History

The hobgoblin shouts!
You hear a shout!
Sigmund the Dreaded comes into view.
He is wielding a +0 scythe.
Sigmund shouts!
Sigmund casts a spell.
Sigmund flickers and vanishes!
Deactivating autopickup; reactivate with Ctrl-A.
The hobgoblin hits you but does no damage.
Casting: Freeze (safe; 2% risk of failure)
Confirm with . or Enter, or press ? or * to list all spells.
Aiming: Freeze (safe; 2% risk of failure)
Press: ? - help, Shift-Dir - straight line, f - hobgoblin
Aim: a hobgoblin You freeze the hobgoblin.
The hobgoblin is heavily wounded.
The hobgoblin misses you.
Casting: Freeze (safe; 2% risk of failure)
Confirm with . or Enter, or press ? or * to list all spells.
Aiming: Freeze (safe; 2% risk of failure)
Press: ? - help, Shift-Dir - straight line, f/p - hobgoblin
Aim: a hobgoblin (heavily wounded)
You freeze the hobgoblin.
You kill the hobgoblin!
You see here a ring of fire.
n - a ring of fire Something hits you.
You barely miss something. Something hits you!
Casting: Freeze (safe; 2% risk of failure)
Confirm with . or Enter, or press ? or * to list all spells.
You can't see any susceptible monsters within range! (Use Z to cast anyway.)
You barely miss something. You tail-slap something.
Casting: Freeze (safe; 2% risk of failure)
Confirm with . or Enter, or press ? or * to list all spells.
You can't see any susceptible monsters within range! (Use Z to cast anyway.)
Casting: Freeze (safe; 2% risk of failure)
Confirm with . or Enter, or press ? or * to list all spells.
You don't know that spell.
Something hits you!
* * * LOW HITPOINT WARNING * * *
Something hits you!
You die...

############## ####............#
...#.########...### ##
##.#.######.......####.# .. .
................@{.....# #.#.###
.....####.....#...###..# #......
...######..#.###.### #......
............#####......####....##
#..######..#....♣.♣............#
#..# #........♣.....#.......#
#..# #................##.#..##
#..# ####..♣..........♣..........
#..# #....♣♣..........♣♣..###..##


There were no monsters in sight!

Vanquished Creatures
  2 worms (D:2)
  2 dart slugs
  4 endoplasms (D:1)
  A giant cockroach (D:1)
  2 goblins (D:1)
  7 hobgoblins
  2 kobolds
  A quokka (D:1)
  A ball python (D:1)
  2 bats
  2 frilled lizards (D:1)
  3 rats (D:1)
29 creatures vanquished.

Vanquished Creatures (others)
  A plant (D:1)
1 creature vanquished.

Grand Total: 30 creatures vanquished

Notes
Turn   | Place    | Note
-------+----------+-------------------------------------------
     0 | D:1      | Barriton the Draconian Ice Elementalist began the quest for
                  | the Orb.
     0 | D:1      | Reached XP level 1. HP: 14/14 MP: 3/3
   212 | D:1      | Reached XP level 2. HP: 20/20 MP: 0/5
  1215 | D:2      | Reached XP level 3. HP: 26/26 MP: 3/6
  1289 | D:2      | Learned a level 3 spell: Frozen Ramparts
  1857 | D:2      | Noticed Sigmund
  1866 | D:2      | Slain by Sigmund

Illustrated notes

Levels and vault maps discovered:
D:1:      lightli_arrival_farm, layout_basic, corexii_item_surrounded_by_moat
D:2:      layout_loops_ring, kennysheep_decorative_pillar, minmay_tetromino_o2,
          uniq_sigmund

Action                   || total
-------------------------++-------
Melee: Unarmed           ||     6
       Tailslap          ||     4
       Rapier            ||     2
 Cast: Freeze            ||    57
  Use: Scroll            ||     1
Armor: Skin              ||     6
Dodge: Dodged            ||    26

Table legend: (Time is in decaauts)
 A = Elapsed time spent in this place.
 B = Non-inter-level travel time spent in this place.
 C = Inter-level travel time spent in this place.
 D = Time resting spent in this place.
 E = Time spent auto-exploring this place.
 F = Levels seen in this place.
 G = Mean time per level.
                   A        B        C        D        E       F      G
               +--------+--------+--------+--------+--------+-----+--------+
         Total |   1892 |   1892 |      0 |      0 |   1625 |   2 |  946.0 |
       Dungeon |   1892 |   1892 |      0 |      0 |   1625 |   2 |  946.0 |
               +--------+--------+--------+--------+--------+-----+--------+

Top non-repeatable levels by time:
     D:1: 1228 daAuts
     D:2: 664 daAuts
